 Dungeon Crawl Stone Soup version 0.31-a0-1002-g8e65716e6e (webtiles) character file.

Game seed: 17480962026534493573

5738 Gargoyl the Slicer (level 10, -10/63 HPs)
             Began as a Gargoyle Berserker on Nov 9, 2023.
             Was an Elder of Trog.
             Mangled by an orc warrior
             ... wielding a +2 heavy halberd
              (20 damage)
             ... on level 8 of the Dungeon.
             The game lasted 00:12:34 (6977 turns).

Gargoyl the Slicer (Gargoyle Berserker)             Turns: 6977, Time: 00:12:34

Health: -10/63     AC: 26    Str: 23    XL:     10   Next: 77%
Magic:  10/10      EV: 11    Int:  9    God:    Trog [****..]
Gold:   467        SH: 11    Dex: 16    Spells: 9/9 levels left

rFire   . . .        j - +4 rapier of Honour {protect, Str+3 Dex+3}
rCold   . . .        q - +0 buckler
rNeg    + . .        f - +0 chain mail
rPois   ∞            (no helmet)
rElec   +            c - +2 cloak
rCorr   .            (no gloves)
SInv    .            (no boots)
Will    ++...        z - amulet of reflection Stlth
                     n - ring of flight
HPRegen 1.30/turn    (no ring)
MPRegen 0.12/turn

%: reflection
@: strong-willed, under a protective aura, on berserk cooldown, flying,
regenerating, slowed, very slow
A: sickness immunity, AC +7, negative energy resistance 1, electricity
resistance, torment resistance 1, petrification resistance, evolution 1,
inability to read after injury 1
a: Renounce Religion, Berserk, Trog's Hand, Brothers in Arms


You were on level 8 of the Dungeon.
You worshipped Trog.
Trog was greatly pleased with you.
You visited 1 branch of the dungeon, and saw 8 of its levels.

You collected 467 gold pieces.

Inventory:

Hand Weapons
 a - a +1 hand axe of draining
 j - the +4 rapier of Honour (weapon) {protect, Str+3 Dex+3}
   (You found it on level 3 of the Dungeon)

   Str+3:     It affects your strength (+3).
   Dex+3:     It affects your dexterity (+3).
 l - a +4 dire flail
Missiles
 o - 31 poisoned darts
 C - 4 curare-tipped darts (quivered)
Armour
 c - a +2 cloak (worn)
 f - a +0 chain mail (worn)
 q - a +0 buckler (worn)
Jewellery
 n - a ring of flight (left hand)
 z - an amulet of reflection (around neck)
Wands
 k - a wand of polymorph (9)
 w - a wand of quicksilver (11)
Scrolls
 m - a scroll of enchant armour
 r - 2 scrolls of teleportation
 u - 2 scrolls of brand weapon
 y - a scroll of fog
Potions
 d - 3 potions of heal wounds
 e - 3 potions of curing
 g - a potion of brilliance
 i - a potion of might
 v - 2 potions of enlightenment
 B - 2 potions of cancellation


   Skills:
 + Level 7.5 Fighting
 + Level 8.3 Short Blades
 + Level 4.6 Axes
 + Level 1.6 Throwing
 + Level 4.3 Armour
 + Level 6.2 Dodging
 + Level 3.6 Stealth
 + Level 5.9 Shields


You had 9 spell levels left.
You didn't know any spells.
Your spell library was empty.

Dungeon Overview and Level Annotations

Branches:
Dungeon (8/15)             Temple (0/1) D:4
   Lair: D:8-11

Altars:
Cheibriados
Elyvilon
Gozag
Hepliaklqana
Nemelex Xobeh
Qazlal
Ru
Sif Muna

Shops:
D:6 =


Innate Abilities, Weirdness & Mutations

You are immune to sickness and miasma.
Your stone body is resilient. (AC +7)
You are immune to poison.
You resist negative energy. (rN+)
You are resistant to electric shocks. (rElec)
You are resistant to unholy torment.
You are immune to petrification.
You have hidden genetic potential.
You occasionally lose the ability to read scrolls when taking damage.


Message History

Your skin crawls.
You feel strong-willed. You block the orc warrior's attack.
You fail to use your ability.
You block the orc warrior's attack.
Unknown command.
You fail to use your ability.
You block the orc warrior's attack.
Unknown command.
You fail to use your ability.
The orc warrior hits you with a +2 heavy halberd!
Unknown command.
You fail to use your ability.
You block the orc warrior's attack.
Unknown command.
You hit the orc warrior but do no damage.
Your weapon exudes an aura of protection.
The orc warrior is heavily wounded.
You block the orc warrior's attack.
You barely miss the orc warrior.
The orc warrior is heavily wounded.
The orc warrior closely misses you.
Unknown command.
You closely miss the orc warrior.
The orc warrior is heavily wounded.
You puncture the troll!
Your weapon exudes an aura of protection.
The troll is moderately wounded.
The orc warrior hits you from afar with a +2 heavy halberd!!
The troll bites you! The troll claws you.
The troll claws you but does no damage.
Unknown command.
You puncture the troll!
The troll is heavily wounded.
You block the orc warrior's attack. You block the troll's attack.
The troll claws you but does no damage. The troll claws you!
* * * LOW HITPOINT WARNING * * *
You fail to use your ability.
You block the troll's attack. The troll claws you!
* * * LOW HITPOINT WARNING * * *
The troll claws you but does no damage.
The orc warrior hits you from afar with a +2 heavy halberd!!
You die...

#.. #. #.# ..# ..
..# #..# #. ..# ...
.c ..# ..# ##### c#
..# ..#
####...####o#..#
..###.........##T..#
.........##...).@..#
.....###.#########.#
.....###.# #
###..#...# #....###
####....#
......>.....
...#######.# #### #


You could see a troll, an orc warrior and 2 centaurs.

Vanquished Creatures
  A two-headed ogre (D:7)
  A manticore (D:7)
  The ghost of Heedrag the Digger, a novice GrEE of Vehumet (D:6)
  A hornet (D:8)
  2 trolls (D:7)
  Prince Ribbit (D:6)
  A slime creature (D:8)
  Eustachio (D:5)
  Menkaure (D:5)
  A vampire mosquito (D:7)
  3 water moccasins
  2 black bears (D:6)
  2 sky beasts (D:6)
  An orc warrior (D:7)
  2 ice beasts
  An ogre (D:4)
  A phantom (D:7)
  5 kobold brigands
  2 bullfrogs
  2 scorpions
  5 wights (D:4)
  3 killer bees (D:7)
  5 howler monkeys
  2 hounds
  5 jellies
  An orc priest (D:7)
  Crazy Yiuf (D:5)
  3 sleepcaps
  6 iguanas
  9 orc wizards
  6 adders
  A shadow imp (D:7)
  A white imp (D:8)
  10 ufetubi
  2 dart slugs
  15 orcs
  14 bats
  7 endoplasms
  2 giant cockroaches
  9 goblins
  7 hobgoblins
  7 jackals
  6 quokkas
  5 ball pythons
  2 frilled lizards
  26 kobolds
  6 rats
198 creatures vanquished.

Notes
Turn   | Place    | Note
-------+----------+-------------------------------------------
     0 | D:1      | Gargoyl the Gargoyle Berserker began the quest for the Orb.
     0 | D:1      | Reached XP level 1. HP: 14/14 MP: 1/1
   224 | D:1      | Reached XP level 2. HP: 19/19 MP: 2/2
   765 | D:2      | Found a faded altar of an unknown god.
   807 | D:2      | Reached XP level 3. HP: 24/24 MP: 3/3
   951 | D:2      | Reached ** piety under Trog
  1700 | D:3      | Found a hazy altar of Hepliaklqana.
  1895 | D:3      | Reached XP level 4. HP: 29/29 MP: 4/4
  1970 | D:3      | Identified the +4 rapier of Honour {protect, Str+3 Dex+3}
  2164 | D:3      | Noticed a kobold brigand
  2188 | D:3      | Killed a kobold brigand
  2189 | D:3      | Reached skill level 1 in Stealth
  2189 | D:3      | Reached XP level 5. HP: 12/33 MP: 5/5
  2463 | D:3      | You fall into a shaft and drop 1 floor!
  2556 | D:4      | Reached skill level 1 in Short Blades
  2568 | D:4      | Reached *** piety under Trog
  2629 | D:4      | Reached XP level 6. HP: 39/39 MP: 6/6
  2634 | D:4      | Reached skill level 2 in Short Blades
  2645 | D:4      | Reached skill level 3 in Short Blades
  2645 | D:4      | Reached XP level 7. HP: 25/44 MP: 7/7
  2915 | D:4      | Found a staircase to the Ecumenical Temple.
  2924 | D:4      | Reached skill level 4 in Short Blades
  2963 | D:4      | Found an opulent altar of Gozag.
  3166 | D:5      | Entered Level 5 of the Dungeon
  3427 | D:5      | Reached skill level 5 in Fighting
  3427 | D:5      | Reached XP level 8. HP: 49/49 MP: 8/8
  3438 | D:5      | Found a sacrificial altar of Ru.
  3601 | D:5      | Noticed Eustachio
  3617 | D:5      | Killed Eustachio
  3618 | D:5      | Reached skill level 1 in Shields
  3734 | D:5      | Found a runed translucent door.
  3735 | D:5      | Noticed Crazy Yiuf
  3759 | D:5      | Noticed Menkaure
  3766 | D:5      | Killed Menkaure
  3767 | D:5      | Reached skill level 5 in Short Blades
  3968 | D:5      | Found a snail-covered altar of Cheibriados.
  3985 | D:5      | Found a white marble altar of Elyvilon.
  3985 | D:5      | Found a stormy altar of Qazlal.
  4125 | D:5      | Killed Crazy Yiuf
  4214 | D:6      | Identified the of Cipsysew
  4214 | D:6      | Identified the "Hueb"
  4373 | D:6      | Reached skill level 5 in Dodging
  4373 | D:6      | Reached XP level 9. HP: 55/55 MP: 9/9
  4385 | D:6      | Reached skill level 6 in Short Blades
  4401 | D:6      | Found a shimmering blue altar of Sif Muna.
  4401 | D:6      | Found Wejiq's Jewellery Boutique.
  4430 | D:6      | Noticed Heedrag's ghost (novice GrEE)
  4433 | D:6      | Found a runed translucent door.
  4512 | D:6      | Noticed Prince Ribbit
  4624 | D:6      | Killed Prince Ribbit
  4777 | D:6      | Reached skill level 1 in Throwing
  5064 | D:6      | Found a sparkling altar of Nemelex Xobeh.
  5265 | D:6      | Killed Heedrag's ghost
  5293 | D:7      | Identified the of Xessebb
  5635 | D:7      | Reached skill level 7 in Short Blades
  5772 | D:7      | Found a flagged portal.
  5788 | D:7      | Reached XP level 10. HP: 49/61 MP: 10/10
  5897 | D:7      | Noticed a manticore
  5897 | D:7      | Noticed a two-headed ogre
  5905 | D:7      | Killed a manticore
  5910 | D:7      | Killed a two-headed ogre
  5911 | D:7      | Reached skill level 5 in Shields
  6134 | D:7      | Reached **** piety under Trog
  6599 | D:8      | Gained mutation: You have hidden genetic potential. [potion
                  | of mutation]
  6599 | D:8      | Gained mutation: You occasionally lose the ability to read
                  | scrolls when taking damage. [potion of mutation]
  6726 | D:8      | Reached skill level 8 in Short Blades
  6963 | D:8      | Identified the amulet of Gaitheni {-Cast rPois Regen+ Str+3
                  | Dex+5}
  6977 | D:8      | Mangled by an orc warrior

Illustrated notes

Levels and vault maps discovered:
D:1:      dreamdust_arrival_beginning_and_end, layout_loops_cross
D:2:      layout_loops_ring, dreamdust_ecumenical_altar_grove
D:3:      cheibrodos_thug_alley, layout_loops_corners,
          worldfamousw_hep_ancestral_shrine
D:4:      layout_loops_ring, nicolae_gozag_seed_capital,
          minmay_temple_entry_offerings
D:5:      layout_rooms, mainiacjoe_overflow_alcove_3, minivault_19,
          roderic_batcave, kennysheep_pointless_box, chequers_decorated_corner,
          uniq_menkaure, uniq_crazy_yiuf_cottage, uniq_eustachio
D:6:      layout_rooms, led_sif_book, kennysheep_mini_moat,
          gammafunk_ghost_grave, serial_shops, nicolae_shop_gibbet_a_chance,
          kennysheep_decorative_pillar, uniq_prince_ribbit1
D:7:      minmay_blocky_corners, layout_cave_pods, enter_bailey_8
D:8:      gammafunk_indiana_jones, layout_basic, serial_curves, eino_curves_03,
          eino_curves_03, minmay_shop_damaged, minmay_pinched_square

Skill      XL: |  1  2  3  4  5  6  7  8  9 10 |
---------------+-------------------------------+-----
Axes           | 3 4 |  4.6
Dodging        | 2 3 5 6 |  6.2
Fighting       | 4 5 6 7 |  7.5
Stealth        | 1 2 3 |  3.6
Short Blades   | 1 3 4 5 7 8 |  8.3
Shields        | 2 4 5 |  5.9
Throwing       | 1 |  1.6
Armour         | 4 |  4.3

Action                     |  1- 3 |  4- 6 |  7- 9 | 10-12 || total
---------------------------+-------+-------+-------+-------++-------
  Melee: Hand axe          |   141 |     8 |    37 |       ||   186
         Punch             |     1 |       |     6 |       ||     7
         Rapier            |       |   113 |   413 |   160 ||   686
  Throw: Dart              |       |       |    21 |       ||    21
 Invoke: Berserk           |     1 |     1 |    12 |     3 ||    17
         Trog's Hand       |       |       |     7 |     1 ||     8
    Use: Scroll            |     4 |     6 |     7 |     5 ||    22
         Potion            |       |       |       |     4 ||     4
   Stab: Sleeping          |       |     1 |     4 |       ||     5
 Armour: Animal skin       |    84 |    87 |   333 |       ||   504
         Chain mail        |       |       |    49 |   115 ||   164
  Dodge: Dodged            |    95 |   101 |   378 |    86 ||   660
  Block: Other             |       |       |    53 |       ||    53
         Buckler           |       |       |   114 |    92 ||   206
         Reflection        |       |       |     4 |     2 ||     6

Table legend: (Time is in decaauts)
 A = Elapsed time spent in this place.
 B = Non-inter-level travel time spent in this place.
 C = Inter-level travel time spent in this place.
 D = Time resting spent in this place.
 E = Time spent auto-exploring this place.
 F = Levels seen in this place.
 G = Mean time per level.
                   A        B        C        D        E       F      G
               +--------+--------+--------+--------+--------+-----+--------+
         Total |   7123 |   6970 |    153 |    238 |   4505 |   8 |  890.4 |
       Dungeon |   7123 |   6970 |    153 |    238 |   4505 |   8 |  890.4 |
               +--------+--------+--------+--------+--------+-----+--------+

Top non-repeatable levels by time:
     D:7: 1325 daAuts
     D:6: 1098 daAuts
     D:5: 1092 daAuts
     D:3: 949 daAuts
     D:2: 803 daAuts
     D:1: 759 daAuts
     D:4: 725 daAuts
     D:8: 369 daAuts
